[Event "*** Titled Tuesday Blitz"]
[Site "Chess.com"]
[Date "2020.11.24"]
[Round "7"]
[White "WiktoriaPOL"]
[Black "Matols"]
[Result "1-0"]
[WhiteElo "2081"]
[BlackElo "2223"]
[TimeControl "180+1"]
[EndTime "11:34:19 PST"]
[Termination "WiktoriaPOL won by checkmate"]

1. c4 e5 2. Nc3 Nf6 3. Nf3 Nc6 4. e4 Bb4 5. d3 O-O 6. a3 Bxc3+ 7. bxc3 d6 8. g3 Bg4 9. Bg2 Qd7 10. h3 Be6 11. Ng5 h6 12. Nxe6 fxe6 13. O-O Rf7 14. f4 Raf8 15. Rf2 Nh7 16. Qe2 Qe7 17. Be3 exf4 18.
gxf4 Qh4 19. Raf1 e5 20. f5 Ne7 21. Kh2 Kh8 22. Rg1 Qf6 23. d4 b6 24. Bf3 Rd8 25.
Bh5 Rff8 26. Rfg2 Rg8 27. d5 a5 28. Bg6 Nf8 29. Qh5 Nfxg6 30. Rxg6 Nxg6 31. Rxg6 Qf8 32. Bxh6 gxh6 33. Rxh6+ Kg7 34. Qg6# 1-0

[Event "*** Titled Tuesday Blitz"]
[Site "Chess.com"]
[Date "2020.11.24"]
[Round "7"]
[White "2nd_life"]
[Black "keepitcool9499"]
[Result "0-1"]
[WhiteElo "2502"]
[BlackElo "2630"]
[TimeControl "180+1"]
[EndTime "11:34:21 PST"]
[Termination "keepitcool9499 won on time"]

1. e4 e6 2. Nf3 d5 3. e5 c5 4. b4 cxb4 5. a3 Qa5 6. d4 Nc6 7. Bd3 Bd7 8. O-O Nge7 9. Nbd2 Nf5 10. Nb3 Qd8 11. axb4 Bxb4 12. Bg5 Be7 13. Bxe7 Qxe7 14. Bxf5 exf5 15. Nc5 b6 16. Nd3 O-O 17. Nf4 Be6 18. h4 Rfc8 19. c3 Na5 20. Rc1 Rc7 21. Qd3 Rac8 22.
Ng5 h6 23. Ngxe6 fxe6 24. h5 Rc6 25. Rfe1 Nc4 26. g3 a5 27. Kg2 Ra8 28. Rc2 b5 29.
Ng6 Qf7 30. f4 b4 31. cxb4 axb4 32. Rb1 Ra3 33. Rxb4 Qa7 0-1

[Event "*** Titled Tuesday Blitz"]
[Site "Chess.com"]
[Date "2020.11.24"]
[Round "7"]
[White "LaPorfia"]
[Black "J36225"]
[Result "0-1"]
[WhiteElo "2303"]
[BlackElo "2481"]
[TimeControl "180+1"]
[EndTime "11:34:21 PST"]
[Termination "J36225 won by resignation"]

1. d4 Nf6 2. Nf3 e6 3. Bf4 d5 4.
Nbd2 Bd6 5. Bg3 O-O 6. e3 c5 7. c3 Qc7 8. Ne5 Nbd7 9. f4 Ne4 10. Bd3 Ndf6 11. Bh4 cxd4 12. exd4 Bd7 13. O-O Bc6 14. Qc2 Nxd2 15. Qxd2 Ne4 16. Qe2 f6 17. Nxc6 Qxc6 18.
Bxe4 dxe4 19. Rae1 f5 20. Kh1 Rac8 21. a3 Rfe8 22. Qf2 Be7 23. Bxe7 Rxe7 24. Re3 Rf7 25. Rd1 Rf6 26. Qd2 b5 27. Kg1 Qd5 28. Kf2 a5 29. Rc1 Rf7 30. Ree1 Rfc7 31. Ke3 Rc4 32.
Rc2 b4 33. axb4 axb4 34. Rcc1 bxc3 35. bxc3 Qa5 36. Ra1 Qxc3+ 37. Qxc3 Rxc3+ 38. Kf2 Rc2+ 39. Kg1 Rd2 40. Red1 Rcc2 41. Rxd2 Rxd2 42. Ra4 Kf7 43. Kf1 Kf6 44. h3 h6 45. Rb4 g5 46. fxg5+ hxg5 47. Ra4 e3 48. Rb4 f4 0-1

[Event "*** Titled Tuesday Blitz"]
[Site "Chess.com"]
[Date "2020.11.24"]
[Round "7"]
[White "elcandado"]
[Black "LiamVrolijk"]
[Result "1/2-1/2"]
[WhiteElo "2673"]
[BlackElo "2795"]
[TimeControl "180+1"]
[EndTime "11:34:27 PST"]
[Termination "Game drawn by repetition"]

1. d4 d5 2. Bf4 c5 3. e3 Nc6 4. c3 cxd4 5. cxd4 Nf6 6. Nc3 a6 7.
Nf3 Bg4 8. Be2 e6 9. O-O Bd6 10. Bxd6 Qxd6 11. Nd2 Bf5 12. Nb3 O-O 13. Rc1 Rfc8 14.
h3 Rc7 15. Na4 Nb4 16. Nc3 Rac8 17. a3 Nc6 18. Na4 h6 19. Bd3 Ne7 20. Qd2 Bxd3 21.
Qxd3 Rc4 22. Nac5 Rc7 23. Rxc4 dxc4 24. Qxc4 Qb6 25. Rc1 Nf5 26. Qf1 Rc6 27. Qe1 Nd6 28. Na5 Rc7 29. b4 Qb5 30. Ncb3 Re7 31. Nd2 Qd3 32. Nac4 Nxc4 33. Nxc4 b5 34. Rc3 Qe4 35. Ne5 g6 36. Rc8+ Kg7 37. Qc1 Nd5 38. Nc6 Rd7 39. Ne5 Re7 40. Nc6 Rd7 41. Ne5 Re7 1/2-1/2

[Event "*** Titled Tuesday Blitz"]
[Site "Chess.com"]
[Date "2020.11.24"]
[Round "7"]
[White "BebeBonito2022"]
[Black "kai_nov"]
[Result "1/2-1/2"]
[WhiteElo "2109"]
[BlackElo "2323"]
[TimeControl "180+1"]
[EndTime "11:34:27 PST"]
[Termination "Game drawn by repetition"]

1. d4 d5 2. c4 e6 3. Nc3 c6 4. e3 Nf6 5. Nf3 Nbd7 6. Qc2 Bd6 7. b3 O-O 8. Bb2 Qe7 9. Bd3 dxc4 10. bxc4 e5 11. O-O Re8 12. Nd2 h6 13. a4 Nf8 14.
a5 Ne6 15. Nce4 exd4 16. exd4 Nf4 17. Nxd6 Qxd6 18. Ne4 Nxe4 19. Bxe4 Qf6 20. Rfe1 Bg4 21. d5 Qg5 22. dxc6 bxc6 23. Bxc6 Be2 24. g3 Rac8 25. Bxe8 Nh3+ 26. Kg2 Nf4+ 27. Kg1 Nh3+ 28. Kg2 Nf4+ 29. Kg1 1/2-1/2

[Event "*** Titled Tuesday Blitz"]
[Site "Chess.com"]
[Date "2020.11.24"]
[Round "7"]
[White "Zubrrr"]
[Black "shnitez"]
[Result "0-1"]
[WhiteElo "2644"]
[BlackElo "2522"]
[TimeControl "180+1"]
[EndTime "11:34:28 PST"]
[Termination "shnitez won by resignation"]

1. d4 Nf6 2. c4 e6 3. g3 c5 4. Nf3 cxd4 5. Nxd4 d5 6. Bg2 e5 7. Nf3 d4 8. O-O Nc6 9. e3 d3 10. e4 Bg4 11. h3 Be6 12. b3 Nxe4 13. Bb2 Bc5 14.
Nxe5 Bd4 15. Nxc6 bxc6 16. Bxd4 Qxd4 17. Nd2 Nxg3 18. Bxc6+ Ke7 19. Bxa8 Nxf1 20. Qxf1 Rxa8 21. Re1 Rd8 22. Re3 Kf8 23. Nf3 Qc3 24. Qd1 Qc2 25. Qd2 Bxh3 26. Qb4+ Kg8 27. Qe7 Rf8 28. Ng5 d2 0-1

[Event "*** Titled Tuesday Blitz"]
[Site "Chess.com"]
[Date "2020.11.24"]
[Round "7"]
[White "Orest_Vovk"]
[Black "Harsha_Bharathakoti"]
[Result "0-1"]
[WhiteElo "2533"]
[BlackElo "2721"]
[TimeControl "180+1"]
[EndTime "11:34:29 PST"]
[Termination "Harsha_Bharathakoti won on time"]

1. g4 d5 2. h3 e5 3. Bg2 Nc6 4. c4 d4 5. Bxc6+ bxc6 6. Qa4 Bd7 7.
d3 c5 8. Qa6 Ne7 9. Nf3 Nc6 10.
a3 h5 11. Rg1 Qb8 12. Nbd2 Qb6 13. Qa4 Be7 14. Ne4 hxg4 15. hxg4 f6 16. Qd1 a5 17.
b3 Nd8 18. Bd2 Nf7 19. b4 axb4 20. axb4 Rxa1 21. Qxa1 cxb4 22. Qa8+ Nd8 23. Kf1 c5 24. g5 f5 25. Nxe5 fxe4 26. Qxe4 Qe6 27. f4 Bc6 0-1

[Event "*** Titled Tuesday Blitz"]
[Site "Chess.com"]
[Date "2020.11.24"]
[Round "7"]
[White "yobdc"]
[Black "theblitzchamp"]
[Result "1-0"]
[WhiteElo "2490"]
[BlackElo "2602"]
[TimeControl "180+1"]
[EndTime "11:34:29 PST"]
[Termination "yobdc won by checkmate"]

1. d4 c6 2. Nf3 d5 3. e3 Nf6 4. Bd3 Bg4 5. Nbd2 Nbd7 6. h3 Bh5 7. b3 e5 8. dxe5 Nxe5 9. Bb2 Nxf3+ 10. Nxf3 Bb4+ 11. c3 Bd6 12. Qc2 O-O 13. O-O-O Qa5 14.
Kb1 Ba3 15. Ba1 b5 16. g4 Bg6 17. Ne5 Qc7 18. Bxg6 hxg6 19. f4 Ne4 20. h4 Rfe8 21. h5 Rxe5 22. fxe5 g5 23. h6 Qxe5 24. hxg7 Qxg7 25.
c4 f6 26. cxd5 cxd5 27. Rxd5 Qg6 28. Rhd1 Re8 29. Rd8 Bb4 30. Bb2 Kf7 31. Rxe8 Kxe8 32. Rd4 f5 33. gxf5 Nd2+ 34. Rxd2 Qh5 35. Qc6+ Kf8 36.
Rd8+ Kf7 37. Qe6# 1-0

[Event "*** Titled Tuesday Blitz"]
[Site "Chess.com"]
[Date "2020.11.24"]
[Round "7"]
[White "HouseOfDurin"]
[Black "keepitcoming"]
[Result "0-1"]
[WhiteElo "2124"]
[BlackElo "2366"]
[TimeControl "180+1"]
[EndTime "11:34:29 PST"]
[Termination "keepitcoming won on time"]

1. d4 d5 2. Bg5 f6 3. Bh4 h5 4.
f3 g5 5. Bf2 Bf5 6. e3 e6 7.
Bd3 Bxd3 8. Qxd3 Ne7 9. Ne2 Bg7 10. e4 Nbc6 11. c3 Qd7 12. Nd2 O-O-O 13. O-O-O Kb8 14.
h4 e5 15. hxg5 fxg5 16. Qb5 a6 17. Qa4 exd4 18. exd5 dxc3 19. Nxc3 Nxd5 20. Nde4 Qf5 21. g4 Nxc3 22. Nxc3 Qxf3 23. Bc5 Bxc3 24. bxc3 Qxc3+ 25. Qc2 Qxc2+ 26. Kxc2 h4 27. Rdf1 Rd5 28. Rf5 Rxf5 29.
gxf5 g4 30. f6 Ne5 31. Re1 h3 32. Rxe5 h2 0-1

[Event "*** Titled Tuesday Blitz"]
[Site "Chess.com"]
[Date "2020.11.24"]
[Round "7"]
[White "Jospem"]
[Black "Infernal_XaM"]
[Result "1-0"]
[WhiteElo "3065"]
[BlackElo "2850"]
[TimeControl "180+1"]
[EndTime "11:34:30 PST"]
[Termination "Jospem won by resignation"]

1. e4 e5 2. Nf3 Nc6 3. Bb5 a6 4.
Ba4 Nge7 5. c3 g6 6. O-O Bg7 7. d4 exd4 8. cxd4 b5 9. Bb3 O-O 10. a4 b4 11. d5 Na5 12. Nbd2 c5 13. dxc6 dxc6 14. Qc2 Bg4 15. h3 Bxf3 16. Nxf3 c5 17. Bg5 c4 18. Bxc4 Rc8 19. Rad1 Qe8 20. b3 Nxc4 21.
bxc4 h6 22. Be3 Qc6 23. c5 Qb7 24. Rb1 Rfe8 25. Rfd1 Nc6 26. Rd6 Qe7 27. Rxc6 Rxc6 28. Rxb4 Rd8 29. g3 Bf8 30. Rc4 Rdc8 31. Kg2 Qe8 32. h4 a5 33. Qc1 Kh7 34. h5 g5 35. e5 Qe6 36. Qc2+ Kg8 37. Qe4 Bxc5 38. Bxc5 Rxc5 39. Rd4 Qc6 40. Qf5 Qe6 41. Qe4 Rc4 42. Kh2 Rxd4 43. Nxd4 Qc4 44. e6 Re8 45. Qf5 Kg7 46.
Qxf7+ 1-0

[Event "*** Titled Tuesday Blitz"]
[Site "Chess.com"]
[Date "2020.11.24"]
[Round "7"]
[White "Sergey85Rodchenkov"]
[Black "rududuyk"]
[Result "1-0"]
[WhiteElo "2456"]
[BlackElo "2189"]
[TimeControl "180+1"]
[EndTime "11:34:30 PST"]
[Termination "Sergey85Rodchenkov won by checkmate"]

1. e4 e6 2. d4 d5 3. Nd2 Nf6 4. e5 Nfd7 5. Qg4 c5 6. c3 Nc6 7. Bd3 Qb6 8. Ne2 cxd4 9. cxd4 h5 10. Qf4 Nb4 11. Bb1 Qa6 12. Nf3 Nd3+ 13. Bxd3 Qxd3 14. Ng5 Qg6 15. h4 b6 16. O-O Ba6 17. Re1 Be7 18. Qf3 Rc8 19. Be3 O-O 20. Nf4 Qf5 21. Qxh5 Bxg5 22. hxg5 Rc2 23. Rac1 Rfc8 24. Rxc2 Rxc2 25. b3 Rxa2 26. Rc1 Rc2 27. Ra1 Nb8 28. g4 Qh7 29. g6 fxg6 30. Qg5 Rc8 31. Nxg6 Re8 32. Nf4 Qe4 33.
Nh5 Be2 34. Qxg7# 1-0

[Event "*** Titled Tuesday Blitz"]
[Site "Chess.com"]
[Date "2020.11.24"]
[Round "7"]
[White "Itk04"]
[Black "KetiTsatsalashvili"]
[Result "0-1"]
[WhiteElo "2438"]
[BlackElo "2301"]
[TimeControl "180+1"]
[EndTime "11:34:30 PST"]
[Termination "KetiTsatsalashvili won on time"]

1. d4 Nf6 2. c4 e6 3. Nc3 Bb4 4. f3 d5 5. a3 Bxc3+ 6. bxc3 c5 7. cxd5 exd5 8. e3 O-O 9. Bd3 b6 10. Ne2 Ba6 11. O-O Bxd3 12. Qxd3 Re8 13. Ng3 cxd4 14.
cxd4 Nc6 15. Bb2 Qd7 16. e4 dxe4 17. fxe4 Rad8 18. Rad1 Ne5 19. dxe5 Qxd3 20. Rxd3 Rxd3 21. exf6 Rd2 22. Bc3 Rc2 23. Bb4 a5 24. Bd6 gxf6 25. Rxf6 Re6 26. Rxe6 fxe6 27. Nf1 b5 28. Ne3 Rc3 29. Kf2 Rb3 30. Kf3 b4 31. axb4 a4 32. b5 a3 0-1

[Event "*** Titled Tuesday Blitz"]
[Site "Chess.com"]
[Date "2020.11.24"]
[Round "7"]
[White "Lestofante90"]
[Black "Chigorinetz"]
[Result "1-0"]
[WhiteElo "2795"]
[BlackElo "2564"]
[TimeControl "180+1"]
[EndTime "11:34:31 PST"]
[Termination "Lestofante90 won by resignation"]

1. e4 c5 2. Nf3 Nc6 3. d4 cxd4 4. Nxd4 g6 5. Nc3 Bg7 6. Be3 Nf6 7. Bc4 O-O 8. Bb3 d6 9. f3 Qa5 10. Qd2 Nxd4 11.
Bxd4 Be6 12. O-O-O b5 13. Kb1 b4 14. Nd5 Bxd5 15.
exd5 Qb5 16. g4 a5 17. g5 Nh5 18. Bxg7 Nxg7 19. Qd3 Qxd3 20. cxd3 a4 21. Bc4 e5 22. d4 exd4 23. Rxd4 Nf5 24. Re4 a3 25. Bb5 Rab8 26.
Bc6 Kg7 27. Rc1 h6 28. gxh6+ Kf6 29. Rcc4 b3 30. bxa3 bxa2+ 31. Kxa2 Rh8 32. Rb4 Rbc8 33. a4 Rxh6 34. a5 Rxh2+ 35. Rb2 Rxb2+ 36. Kxb2 Rc7 37. a6 Ra7 38. Bb7 g5 39. Kc3 Ne7 40. Kc4 Ng6 41. Kb5 Ne5 42. Kb6 Rxa6+ 43. Bxa6 Nxf3 44. Kc7 Kf5 45. Re7 f6 46. Kxd6 g4 47. Kc5 g3 48. Bf1 Ng5 49. d6 Ne4+ 50. Rxe4 Kxe4 51. d7 f5 52. d8=Q 1-0

[Event "*** Titled Tuesday Blitz"]
[Site "Chess.com"]
[Date "2020.11.24"]
[Round "7"]
[White "InitiatingASC"]
[Black "cstevens1"]
[Result "0-1"]
[WhiteElo "2455"]
[BlackElo "2584"]
[TimeControl "180+1"]
[EndTime "11:34:31 PST"]
[Termination "cstevens1 won by checkmate"]

1. Nf3 d5 2. g3 Nf6 3. Bg2 c6 4. O-O Bf5 5. d3 h6 6. Nbd2 Bh7 7. a3 e6 8. Rb1 Be7 9. b4 O-O 10. Bb2 Na6 11. Re1 Nc7 12. e4 a5 13. c3 Nd7 14. Qe2 Re8 15. Nb3 axb4 16. axb4 Bf8 17. Ra1 Nb6 18. Na5 Qc8 19. Bh3 Ra6 20. Nd4 Qa8 21.
f4 c5 22. Nc2 cxb4 23. cxb4 Nb5 24. Nb3 Na4 25. Be5 dxe4 26. dxe4 Nbc3 27. Qc4 Rc8 28. Qd4 Nxe4 29. Rxe4 Rxc2 30. Ree1 Nc3 31. Qd7 Ne2+ 32. Kf1 Raa2 33. Na5 b6 34. Rxa2 Qh1+ 35. Kf2 Qxh2+ 36. Ke3 Qxg3# 0-1

[Event "*** Titled Tuesday Blitz"]
[Site "Chess.com"]
[Date "2020.11.24"]
[Round "7"]
[White "Iskusnyh"]
[Black "penguingm1"]
[Result "1-0"]
[WhiteElo "2605"]
[BlackElo "2948"]
[TimeControl "180+1"]
[EndTime "11:34:32 PST"]
[Termination "Iskusnyh won by resignation"]

1. d4 e5 2. dxe5 Nc6 3. Nf3 d5 4. exd6 Bxd6 5. g3 Nf6 6. Bg2 Qe7 7.
Nc3 Bg4 8. Bg5 O-O-O 9. Qc1 h6 10. Bxf6 Qxf6 11. O-O Qe6 12. Nb5 Bc5 13. e3 Qf6 14.
Nfd4 Nxd4 15. exd4 Bxd4 16. Nxd4 Rxd4 17. c3 Rd3 18.
Qe1 Bf3 19. Bxf3 Qxf3 20. Qe7 Rhd8 21. Rae1 Rd2 22. Qc5 b6 23. Qc4 Qd5 24. Qg4+ Kb7 25. Qxg7 Rd7 26. b4 Rxa2 27. Qxh6 f5 28. Qf4 Qd3 29.
Re3 Qc2 30. Rfe1 Rd2 31. Qf3+ Ka6 32. Rf1 Rd6 33. h4 f4 34. Qxf4 Qg6 35. Qc4+ Kb7 36. Qxa2 1-0

[Event "*** Titled Tuesday Blitz"]
[Site "Chess.com"]
[Date "2020.11.24"]
[Round "7"]
[White "YoungMegaMind"]
[Black "Unknown_IM"]
[Result "1-0"]
[WhiteElo "2305"]
[BlackElo "2382"]
[TimeControl "180+1"]
[EndTime "11:34:32 PST"]
[Termination "YoungMegaMind won by checkmate"]

1. d4 Nf6 2. Nf3 c5 3. d5 d6 4. Nc3 g6 5. Nd2 Bg7 6. e4 Nbd7 7.
Be2 O-O 8. O-O a6 9. a4 e5 10. a5 Qe7 11. Nc4 Ne8 12. f3 Nc7 13. Na4 f5 14.
Be3 f4 15. Bf2 g5 16. c3 h5 17. Rb1 Kh8 18. b4 cxb4 19. Rxb4 Rg8 20. Nab6 Bf8 21. Nxa8 Nxa8 22. Nb6 Naxb6 23. axb6 Nf6 24. Rc4 g4 25.
Rc7 Bd7 26. Bh4 gxf3 27. Bxf3 Rg7 28. Rxb7 Qd8 29. c4 Kg8 30. Qb3 a5 31. Ra7 a4 32.
Qb4 Bc8 33. Rxg7+ Bxg7 34. Bxf6 Bxf6 35. b7 Bxb7 36. Qxb7 a3 37. Qb3 Qa5 38. Ra1 Bd8 39.
Qxa3 Bb6+ 40. Kh1 Qd2 41. Qxd6 Qf2 42. Qg6+ Kf8 43. Qf6+ Ke8 44. Bxh5+ Kd7 45. Bg4+ Kc7 46. Qc6+ Kb8 47. Ra8# 1-0

[Event "*** Titled Tuesday Blitz"]
[Site "Chess.com"]
[Date "2020.11.24"]
[Round "7"]
[White "esapunov"]
[Black "Msb2"]
[Result "1-0"]
[WhiteElo "2814"]
[BlackElo "2906"]
[TimeControl "180+1"]
[EndTime "11:34:33 PST"]
[Termination "esapunov won by checkmate"]

1. c4 e6 2. Nf3 d5 3. d4 Nf6 4. Nc3 Bb4 5. Qa4+ Nc6 6. Bg5 dxc4 7. e4 h6 8. Bxf6 Qxf6 9. Bxc4 Bd7 10. Qd1 Qg6 11.
O-O Bxc3 12. bxc3 Qxe4 13. Re1 Qf4 14. g3 Qf6 15. d5 Na5 16. dxe6 fxe6 17. Ne5 O-O 18.
Qxd7 Nxc4 19. Nxc4 Qxf2+ 20. Kh1 Qf3+ 21. Kg1 Qxc3 22. Qxe6+ Kh8 23. Rac1 Qd4+ 24. Qe3 Qd5 25. Ne5 Rf6 26. Rcd1 Qxa2 27. Qe4 Qa6 28. Kh1 Re8 29. Nf7+ Rxf7 30. Qxe8+ Kh7 31. Qxf7 Qc6+ 32. Kg1 Qc5+ 33.
Qf2 Qg5 34. Rf1 Kg6 35. h4 Qe5 36. Rde1 Qd6 37. Qf5# 1-0

[Event "*** Titled Tuesday Blitz"]
[Site "Chess.com"]
[Date "2020.11.24"]
[Round "7"]
[White "suyu28"]
[Black "GM_LOADING"]
[Result "1-0"]
[WhiteElo "2629"]
[BlackElo "2486"]
[TimeControl "180+1"]
[EndTime "11:34:34 PST"]
[Termination "suyu28 won on time"]

1. e4 e5 2. Nf3 Nc6 3. Bc4 Nf6 4. d3 h6 5. O-O d6 6. c3 g6 7. Re1 Bg7 8. a4 O-O 9. a5 a6 10. Qb3 Qe7 11. Nbd2 Kh8 12. Nf1 Nh7 13. Ne3 Rb8 14.
Nd5 Qd8 15. Qc2 Bg4 16. Nd2 Be6 17. b4 Ne7 18. Bb2 Nxd5 19. Bxd5 Bxd5 20. exd5 Nf6 21.
c4 Nh5 22. g3 f5 23. Re2 Qg5 24. Qd1 Nf4 25. Re3 Nh3+ 26. Kg2 Nf4+ 27. Kh1 Nh5 28. Qe2 f4 29. Re4 fxg3 30. hxg3 Rf7 31. Rh4 Rbf8 32. Ne4 Qf5 33. g4 1-0

[Event "*** Titled Tuesday Blitz"]
[Site "Chess.com"]
[Date "2020.11.24"]
[Round "7"]
[White "SantoBlue"]
[Black "grzechu96"]
[Result "1-0"]
[WhiteElo "2896"]
[BlackElo "2689"]
[TimeControl "180+1"]
[EndTime "11:34:35 PST"]
[Termination "SantoBlue won on time"]

1. Nf3 Nf6 2. b3 d5 3. Bb2 Bf5 4. e3 e6 5. Be2 h6 6. O-O Bd6 7. d3 O-O 8. Nbd2 Bh7 9. Ne5 Nbd7 10. f4 c5 11. Ndf3 Qc7 12. Qe1 d4 13. Nc4 dxe3 14.
Nxd6 Qxd6 15. Ne5 Nd5 16. Qg3 f6 17. Nc4 Qc7 18. Rae1 b5 19. Nxe3 N7b6 20. Bg4 Rae8 21.
Nxd5 exd5 22. Rxe8 Rxe8 23. Bh5 Re6 24. Re1 Qe7 25.
Rxe6 Qxe6 26. f5 Bxf5 27. h3 Kh7 28. Kh2 Nc8 29. Qc7 Qd6+ 30. Qxd6 Nxd6 31. Ba3 b4 32.
Bc1 Nb5 33. Bf3 Be6 34. Bf4 Kg6 35. Bb8 Kf7 36. Bh5+ Ke7 37. Bf3 Kd7 38. h4 Kc6 39. h5 a5 40. Kg3 Nc3 41. Kf4 Nxa2 42. Bg4 Bf7 43. d4 c4 44. Ba7 cxb3 45. cxb3 a4 46. bxa4 b3 47. Bc5 b2 48. Bf5 Nc3 49. Ba3 b1=Q 50.
Bxb1 Nxb1 51. Bf8 Bxh5 52. g4 1-0

[Event "*** Titled Tuesday Blitz"]
[Site "Chess.com"]
[Date "2020.11.24"]
[Round "7"]
[White "Das_Virus_2020"]
[Black "Legendinunknown"]
[Result "0-1"]
[WhiteElo "2499"]
[BlackElo "2669"]
[TimeControl "180+1"]
[EndTime "11:34:35 PST"]
[Termination "Legendinunknown won on time"]

1. e4 c6 2. d4 d5 3. Nc3 dxe4 4. Nxe4 Bf5 5. Nc5 e5 6. Nxb7 Qb6 7. Nc5 exd4 8. Nb3 c5 9. Bd3 Bxd3 10. cxd3 Nf6 11. Nf3 Bd6 12. Qe2+ Kd8 13. O-O Re8 14. Qd1 Nbd7 15.
Nbd2 Qc6 16. Nc4 Nb6 17. Nxd6 Qxd6 18. Bg5 Kd7 19. Rc1 Nfd5 20. Nd2 f5 21. Nc4 Qg6 22. Bd2 Ke7 23. Ne5 Qd6 24. Re1 Kf8 25. Nc4 Nxc4 26. dxc4 Rxe1+ 27. Qxe1 Re8 28. Qd1 Nf6 29. Qf3 g6 30. Bh6+ Kg8 31. h3 Ne4 32.
Rd1 g5 33. Qh5 Qg6 34. Qxg6+ hxg6 35. h4 gxh4 36. Bc1 Nd6 37. b4 Nxc4 38. bxc5 Kf7 39. Kh2 Rd8 40. Bf4 Ke6 41. c6 Kd5 42. c7 Rc8 43. Kh3 Ne5 0-1

[Event "*** Titled Tuesday Blitz"]
[Site "Chess.com"]
[Date "2020.11.24"]
[Round "7"]
[White "frederiksvane"]
[Black "FontVella8"]
[Result "1-0"]
[WhiteElo "2729"]
[BlackElo "2545"]
[TimeControl "180+1"]
[EndTime "11:34:36 PST"]
[Termination "frederiksvane won by checkmate"]

1. e4 c6 2. Nf3 d5 3. Nc3 dxe4 4.
Nxe4 Nf6 5. Qe2 Nxe4 6. Qxe4 Nd7 7. Bc4 e6 8. d4 Nf6 9. Qe2 Be7 10. O-O O-O 11.
c3 b6 12. Bf4 Nd5 13. Bg3 Bb7 14. Rad1 Bf6 15. Bb3 Re8 16. Rfe1 Rc8 17. Ne5 Qe7 18. Qh5 g6 19. Qe2 c5 20. c4 Nb4 21. d5 exd5 22. cxd5 Rcd8 23. d6 Qf8 24. Qc4 Bxe5 25.
Bxe5 Nc6 26. Bf6 Rxe1+ 27. Rxe1 Rxd6 28. Qxf7+ Qxf7 29. Re8# 1-0

[Event "*** Titled Tuesday Blitz"]
[Site "Chess.com"]
[Date "2020.11.24"]
[Round "7"]
[White "Grieve72"]
[Black "TC2304"]
[Result "1-0"]
[WhiteElo "2416"]
[BlackElo "2332"]
[TimeControl "180+1"]
[EndTime "11:34:36 PST"]
[Termination "Grieve72 won by resignation"]

1. d4 Nf6 2. Bg5 Ne4 3. Bf4 c5 4. f3 Nf6 5. dxc5 b6 6. e4 bxc5 7. Nc3 d6 8. e5 Nh5 9. Qd5 Nxf4 10. Qxa8 Nd7 11. Nb5 Nxe5 12. Nxa7 Bd7 13. Qb7 g5 14. Nb5 Bg7 15. Nc7+ Kf8 16. a4 g4 17. a5 Bc6 18. Qb6 gxf3 19. Nxf3 Bxf3 20. gxf3 Nxf3+ 21. Kd1 e5 22. a6 Ke7 23. a7 Ne6 24. a8=Q Nxc7 25.
Qxd8+ 1-0

[Event "*** Titled Tuesday Blitz"]
[Site "Chess.com"]
[Date "2020.11.24"]
[Round "7"]
[White "Sviridov_Valery"]
[Black "Gusarov91"]
[Result "1-0"]
[WhiteElo "2829"]
[BlackElo "2668"]
[TimeControl "180+1"]
[EndTime "11:34:38 PST"]
[Termination "Sviridov_Valery won by resignation"]

1. Nf3 c6 2. g3 d5 3. Bg2 Nf6 4. O-O Bg4 5. d4 Nbd7 6. Nbd2 e6 7.
Re1 Be7 8. e4 dxe4 9. Nxe4 Nxe4 10.
Rxe4 Nf6 11. Re1 O-O 12. c3 Qb6 13. Qb3 Qxb3 14. axb3 Rfe8 15. Ne5 Bf5 16. Nc4 a6 17. Na5 Ra7 18. Bg5 Bd8 19. Nxb7 Rxb7 20. Bxc6 Ree7 21. Bxb7 Rxb7 22. Rxa6 Rb8 23. Bf4 Rc8 24. f3 h5 25.
Rea1 Kh7 26. Ra8 Rxa8 27. Rxa8 Be7 28. Ra7 Nd5 29. Bd2 Bf6 30. Kf2 Kg6 31. Ke2 e5 32. dxe5 Bxe5 33. Ra5 Be6 34. c4 Bc7 35. Rxd5 Bxd5 36.
cxd5 Kf5 37. Kd3 h4 38. g4+ Ke5 39. h3 Kxd5 40. Bc3 g6 41. Bf6 Bg3 42. b4 Be1 43. Bc3 Bf2 44. Ke2 Bg3 45. Be1 Be5 46. Bxh4 Bxb2 47.
Bf2 Kc4 48. Bc5 Bc1 49. h4 Bh6 50. h5 gxh5 51. gxh5 f5 52. Be3 Bf8 53. Bd2 Kd4 54. h6 Kc4 55. h7 Bg7 56. Kf2 Kd3 57. Be1 f4 58. Kg2 Kc4 59. Kh3 Kd3 60. Kg4 Ke3 61. Bh4 Kd4 62. Kf5 Kc4 63. Kg6 1-0

[Event "*** Titled Tuesday Blitz"]
[Site "Chess.com"]
[Date "2020.11.24"]
[Round "7"]
[White "Training_Day"]
[Black "Dave_ChessMate"]
[Result "1-0"]
[WhiteElo "2358"]
[BlackElo "2450"]
[TimeControl "180+1"]
[EndTime "11:34:38 PST"]
[Termination "Training_Day won on time"]

1. e4 e5 2. Nf3 Nf6 3. Nc3 Nc6 4. Bb5 Nd4 5. O-O Nxb5 6. Nxb5 d6 7. d4 exd4 8. Nfxd4 Be7 9. Nc3 O-O 10. Qf3 b6 11.
Nf5 Bxf5 12. Qxf5 Qd7 13. Qf3 Ng4 14. Nd5 Ne5 15. Qc3 c6 16. Nxe7+ Qxe7 17. Re1 Rac8 18.
Bf4 Ng6 19. Bg3 Rfd8 20. h3 Qg5 21. Rad1 d5 22. exd5 cxd5 23. Qb3 d4 24. Re4 Qc5 25. Rd2 Re8 26. Rexd4 h6 27. c3 Qf5 28. Rd1 Ne5 29.
Rd5 Qe4 30. Qb4 1-0

[Event "*** Titled Tuesday Blitz"]
[Site "Chess.com"]
[Date "2020.11.24"]
[Round "7"]
[White "igorknyazev"]
[Black "Zajdanek"]
[Result "1-0"]
[WhiteElo "2081"]
[BlackElo "2298"]
[TimeControl "180+1"]
[EndTime "11:34:38 PST"]
[Termination "igorknyazev won on time"]

1. e4 c5 2. f4 a6 3. Nf3 b5 4. d4 cxd4 5. Nxd4 Bb7 6. Bd3 e5 7.
fxe5 Bc5 8. Be3 Qh4+ 9. Bf2 Qg5 10.
O-O Ne7 11. Nf3 Bxf2+ 12. Rxf2 Qh5 13. Nc3 O-O 14. Nd5 Nbc6 15. Nb6 Rad8 16. a4 Nxe5 17. axb5 axb5 18. Ra7 Bc6 19. Nd5 N7g6 20. Be2 Rfe8 21.
Nxe5 Qxe5 22. Nc3 h6 23. Qf1 b4 24. Nd1 Bxe4 25. c3 b3 26. Rxf7 Bc2 27. Raxd7 1-0

[Event "*** Titled Tuesday Blitz"]
[Site "Chess.com"]
[Date "2020.11.24"]
[Round "7"]
[White "Caisachess"]
[Black "HrvojeZagreb"]
[Result "0-1"]
[WhiteElo "2374"]
[BlackElo "2275"]
[TimeControl "180+1"]
[EndTime "11:34:39 PST"]
[Termination "HrvojeZagreb won by resignation"]

1. e4 e6 2. d4 d5 3. Bd3 dxe4 4. Bxe4 Nf6 5. Bf3 Nbd7 6. Ne2 Bd6 7. O-O e5 8. Re1 O-O 9. Ng3 exd4 10. Qxd4 Re8 11.
Rxe8+ Qxe8 12. Be3 Be5 13. Qb4 a5 14. Qa3 Nb6 15. Nd2 Ng4 16. Bxb6 cxb6 17. Re1 f6 18.
Qb3+ Kh8 19. Qxb6 Ra6 20. Qb3 Nxh2 21. Bxb7 Bxb7 22. Qxb7 Re6 23. Nf5 Qf8 24. Qd5 Re8 25. Re3 g6 26. Nd4 Ng4 27. Rd3 Bh2+ 28. Kh1 Re1+ 0-1

[Event "*** Titled Tuesday Blitz"]
[Site "Chess.com"]
[Date "2020.11.24"]
[Round "7"]
[White "Khnykin_Nikolay"]
[Black "MasterMK73"]
[Result "0-1"]
[WhiteElo "2068"]
[BlackElo "2266"]
[TimeControl "180+1"]
[EndTime "11:34:39 PST"]
[Termination "MasterMK73 won on time"]

1. e4 c5 2. d4 cxd4 3. c3 d3 4. c4 Nc6 5. Bxd3 d6 6. Nf3 g6 7.
Nc3 Bg7 8. O-O Nf6 9. Bf4 O-O 10. Re1 Nd7 11. Nd5 Nc5 12. Rb1 a5 13. e5 Nxd3 14.
Qxd3 Bf5 15. Qb3 Bxb1 16. Rxb1 dxe5 17. Qxb7 exf4 18. Qxc6 e5 19. Re1 Rc8 20. Qxc8 Qxc8 21. Ne7+ Kh8 22. Nxc8 Rxc8 23. b3 f6 24. g3 fxg3 25. fxg3 Rd8 26. Kf2 g5 27. h3 h5 28.
Ke3 Kh7 29. Ke4 Kg6 30. g4 Bf8 31. gxh5+ Kxh5 32. Rh1 Kg6 33. h4 g4 34. h5+ Kh6 35.
Ne1 Rd4+ 36. Kf5 Rf4+ 37. Ke6 Kg5 38. Nd3 Rd4 39. Nc5 g3 40. Rg1 Rg4 0-1

[Event "*** Titled Tuesday Blitz"]
[Site "Chess.com"]
[Date "2020.11.24"]
[Round "7"]
[White "mikheeva86"]
[Black "rugbyclub"]
[Result "0-1"]
[WhiteElo "1971"]
[BlackElo "2184"]
[TimeControl "180+1"]
[EndTime "11:34:39 PST"]
[Termination "rugbyclub won on time"]

1. e4 e6 2. d4 d5 3. e5 c5 4. c3 Nc6 5. Nf3 Bd7 6. Be2 Qb6 7.
O-O Rc8 8. a3 cxd4 9. cxd4 Nge7 10. b4 Nf5 11. Be3 a5 12. b5 Na7 13. a4 Be7 14.
Nbd2 O-O 15. Nb3 Nxe3 16. fxe3 Rc3 17. Kf2 f6 18. exf6 Rxf6 19. Rb1 Nc8 20. Qd2 Bb4 21.
Nc5 Be8 22. Qb2 Nd6 23. Nd3 Ne4+ 24. Kg1 Qc7 25. Nxb4 axb4 26. Qxb4 Rc2 27. Bd3 Rc3 28. Bxe4 dxe4 29. Ne5 Rxe3 30. Rxf6 gxf6 31. Ng4 Rc3 32. Nxf6+ Kf7 33. Nxe8 Rc1+ 0-1